[Event "Titled Tuesday Blitz January 31 Early 2023"]
[White "Kazakouski, Valery"]
[Black "Szpar, Milosz"]
[WhiteFideId "13507443"]
[BlackFideId "1184989"]
[WhiteElo "2539"]
[BlackElo "2447"]
[Result "0-1"]
[Round "08"]
[TimeControl "180+2"]
[Date "2023.01.31"]
[WhiteClock "0:00:57"]
[BlackClock "0:00:11"]

1. Nf3 Nf6 2. c4 e6 3. b3 g6 4. Bb2 Bg7 5. g3 O-O 6. Bg2 d5 7. O-O dxc4 8. bxc4 c5 9. Nc3 Nc6 10. Rb1 Rb8 11. Ne1 Na5 12. d3 Bd7 13. Nb5 a6 14. Nc3 b5 15. cxb5 axb5 16. Nf3 Bc6 17. Ba1 Qe7 18. Qc1 Rfc8 19. Qf4 Nh5 20. Qe3 Nf6 21. Rfc1 b4 22. Nd1 Ba8 23. h3 c4 24. dxc4 Nxc4 25. Qf4 Nd5 26. Qg4 h5 27. Qh4 Qxh4 28. Nxh4 Nd2 29. Bxg7 Nxb1 30. Rxb1 Kxg7 31. Kf1 Nc3 32. Ra1 Bxg2+ 33. Nxg2 Ra8 34. Nxc3 Rxc3 35. Rb1 Rxa2 36. Nf4 b3 37. Nd3 Rac2 38. h4 Kf6 39. Ke1 g5 40. hxg5+ Kxg5 41. Kf1 h4 42. gxh4+ Kxh4 43. Ke1 Rxd3 44. exd3 b2 0-1


[Site "https://www.chess.com"]

[Event "Titled Tuesday Blitz January 31 Early 2023"]
[White "Harsh Suresh"]
[Black "Samant Aditya S"]
[WhiteFideId "45018464"]
[BlackFideId "35080580"]
[WhiteElo "2298"]
[BlackElo "2501"]
[Result "1/2-1/2"]
[Round "08"]
[TimeControl "180+2"]
[Date "2023.01.31"]
[WhiteClock "0:00:16"]
[BlackClock "0:00:09"]

1. e4 c5 2. Nc3 Nc6 3. Bb5 Nd4 4. Bc4 e6 5. Nf3 a6 6. Nxd4 cxd4 7. Ne2 b5 8. Bb3 Bb7 9. d3 Bc5 10. O-O Ne7 11. a4 O-O 12. axb5 axb5 13. Bd2 Qb6 14. Qe1 Rxa1 15. Qxa1 Ra8 16. Qe1 b4 17. Ng3 Nc6 18. f4 Na5 19. Ba4 Nc4 20. Bb3 Ne3 21. Rf3 Qa7 22. Bxb4 Qa1 23. Nf1 Qxe1 24. Bxe1 Ra1 25. Kf2 f5 26. Nxe3 dxe3+ 27. Ke2 fxe4 28. Rg3 exd3+ 29. cxd3 Bd4 30. Bc3 Bxc3 31. bxc3 Ra3 32. Bc4 Rxc3 33. Kxe3 Rc2 34. Bb5 Rxg2 35. Bxd7 Kf7 36. Rxg2 Bxg2 37. Ba4 Ke7 38. Bd1 Kd6 39. Kd4 Bh3 40. Bf3 Bf5 41. Be4 g6 42. Bxf5 gxf5 43. h3 h6 44. h4 h5 45. Ke3 Kd5 46. Kf3 Kd4 47. Ke2 Kc5 48. Ke3 Kd5 49. Kf3 Kd4 50. Ke2 Kc5 51. Ke3 Kd5 1/2-1/2


[Site "https://www.chess.com"]

[Event "Titled Tuesday Blitz January 31 Early 2023"]
[White "Belozerov, Andrei"]
[Black "Boros, Denes"]
[WhiteFideId "4120213"]
[BlackFideId "722340"]
[WhiteElo "2461"]
[BlackElo "2406"]
[Result "1-0"]
[Round "08"]
[TimeControl "180+2"]
[Date "2023.01.31"]
[WhiteClock "0:00:44"]
[BlackClock "0:00:36"]

1. e4 g6 2. d4 d5 3. exd5 Qxd5 4. Nc3 Qd6 5. Nf3 Bg7 6. g3 Bg4 7. Bg2 Qa6 8. h3 Bf5 9. g4 Be6 10. Ng5 Nf6 11. Nxe6 Qxe6+ 12. Be3 c6 13. g5 Nd5 14. Nxd5 cxd5 15. Qg4 Qc6 16. c4 O-O 17. Bxd5 Qb6 18. O-O Nc6 19. c5 Qc7 20. Rad1 Rad8 21. Bb3 Na5 22. d5 Nxb3 23. axb3 Bxb2 24. b4 a6 25. Rfe1 Rfe8 26. Bf4 Qd7 27. Qxd7 Rxd7 28. c6 bxc6 29. dxc6 Rd4 30. c7 Kg7 31. Be5+ 1-0


[Site "https://www.chess.com"]

[Event "Titled Tuesday Blitz January 31 Early 2023"]
[White "Jakubowski, Krzysztof"]
[Black "Galchenko, Matvey"]
[WhiteFideId "1112848"]
[BlackFideId "24175480"]
[WhiteElo "2486"]
[BlackElo "2438"]
[Result "1-0"]
[Round "08"]
[TimeControl "180+2"]
[Date "2023.01.31"]
[WhiteClock "0:00:42"]
[BlackClock "0:00:01"]

1. e4 e6 2. d4 d5 3. Nc3 Bb4 4. e5 Ne7 5. a3 Bxc3+ 6. bxc3 c5 7. Nf3 h6 8. Be2 b6 9. O-O Ba6 10. a4 Bxe2 11. Qxe2 Qc7 12. a5 Nd7 13. axb6 Qxb6 14. Ba3 O-O 15. Rfb1 Qc7 16. dxc5 Nxc5 17. Nd4 a6 18. Bb4 Rfc8 19. Ra5 Ne4 20. Rb3 Nc6 21. Nxc6 Qxc6 22. Rba3 Qb7 23. g3 Rc4 24. f3 Ng5 25. h4 Nh7 26. Rb3 Qb6+ 27. Kg2 Nf8 28. Ra1 Nd7 29. Bd6 Qc6 30. Qe3 d4 31. cxd4 Rxc2+ 32. Kh3 Nb6 33. Rab1 Nd7 34. Qe4 Qxe4 35. fxe4 Rac8 36. Rb7 Nf8 37. Rf1 g5 38. Rfxf7 g4+ 39. Kxg4 1-0


[Site "https://www.chess.com"]

[Event "Titled Tuesday Blitz January 31 Early 2023"]
[White "Orlov, Georgi"]
[Black "Mikaelyan, Arman"]
[WhiteFideId "2011271"]
[BlackFideId "13304852"]
[WhiteElo "2453"]
[BlackElo "2523"]
[Result "1-0"]
[Round "08"]
[TimeControl "180+2"]
[Date "2023.01.31"]
[WhiteClock "0:00:38"]
[BlackClock "0:00:06"]

1. d4 Nf6 2. Nf3 d5 3. c4 c6 4. Nc3 dxc4 5. a4 Bf5 6. e3 e6 7. Bxc4 Bb4 8. O-O O-O 9. Qe2 Bg6 10. Ne5 Nbd7 11. Nxg6 hxg6 12. Rd1 Qa5 13. Bd2 Nb6 14. Bb3 c5 15. dxc5 Qxc5 16. Rac1 Qa5 17. Nb5 Bxd2 18. Qxd2 Qxd2 19. Rxd2 a6 20. Nd6 Rfd8 21. e4 Rd7 22. e5 Ng4 23. f4 Rad8 24. a5 Nc8 25. Ba4 Nxd6 26. Bxd7 Ne4 27. Rd4 Kh7 28. Rc8 Rxc8 29. Bxc8 Nc5 30. b4 Nb3 31. Rd7 Ne3 32. Bxb7 g5 33. Rxf7 Kg6 34. Rf8 Nd4 35. Bxa6 g4 36. Bd3+ 1-0


[Site "https://www.chess.com"]

[Event "Titled Tuesday Blitz January 31 Early 2023"]
[White "Fier, Alexandr"]
[Black "Skuhala, Barbara"]
[WhiteFideId "2107139"]
[BlackFideId "14605465"]
[WhiteElo "2589"]
[BlackElo "2153"]
[Result "1-0"]
[Round "08"]
[TimeControl "180+2"]
[Date "2023.01.31"]
[WhiteClock "0:02:23"]
[BlackClock "0:01:43"]

1. d4 Nf6 2. Bg5 e6 3. e4 d5 4. e5 h6 5. Be3 Nfd7 6. f4 c5 7. Nf3 Nc6 8. Nc3 a6 9. Qd2 b5 10. dxc5 Bxc5 11. Bxc5 Nxc5 12. Bd3 Qb6 13. Ne2 Bb7 14. Ned4 Nxd4 15. Nxd4 Nxd3+ 16. Qxd3 Rc8 17. O-O Rc4 18. c3 b4 19. Kh1 a5 20. f5 Bc8 21. Qg3 exf5 22. Qxg7 Rf8 23. e6 Bxe6 24. Rae1 1-0


[Site "https://www.chess.com"]

[Event "Titled Tuesday Blitz January 31 Early 2023"]
[White "Costachi, Mihnea"]
[Black "Predke, Alexandr"]
[WhiteFideId "1217518"]
[BlackFideId "24107581"]
[WhiteElo "2476"]
[BlackElo "2685"]
[Result "0-1"]
[Round "08"]
[TimeControl "180+2"]
[Date "2023.01.31"]
[WhiteClock "0:00:15"]
[BlackClock "0:00:07"]

1. Nc3 a6 2. e4 c5 3. f4 b5 4. Nf3 Bb7 5. d3 b4 6. Ne2 d5 7. e5 e6 8. g3 Nh6 9. Bg2 Be7 10. d4 Nd7 11. O-O Nf5 12. c3 a5 13. g4 Nh4 14. Nxh4 Bxh4 15. f5 Ba6 16. Be3 Bg5 17. Qd2 h6 18. fxe6 fxe6 19. Nf4 Bxf4 20. Rxf4 cxd4 21. cxd4 Qe7 22. Bf1 Rf8 23. Bxa6 Rxf4 24. Bxf4 Rxa6 25. Qc2 Ra8 26. Qc6 Rb8 27. Rf1 Kd8 28. Rc1 Qf7 29. Qc7+ Ke8 30. Bg3 Qg6 31. h3 h5 32. Rf1 hxg4 33. h4 Qd3 34. Kh2 Qxf1 35. Qd6 Qf5 36. Qc6 Qf7 37. Qd6 Rc8 38. Qc6 Rxc6 0-1


[Site "https://www.chess.com"]

[Event "Titled Tuesday Blitz January 31 Early 2023"]
[White "Papasimakopoulos, Alexandros"]
[Black "Grandelius, Nils"]
[WhiteFideId "4244125"]
[BlackFideId "1710400"]
[WhiteElo "2401"]
[BlackElo "2664"]
[Result "0-1"]
[Round "08"]
[TimeControl "180+2"]
[Date "2023.01.31"]
[WhiteClock "0:00:49"]
[BlackClock "0:00:46"]

1. d4 Nf6 2. c4 a6 3. g3 c5 4. Nf3 cxd4 5. Nxd4 d5 6. Bg2 dxc4 7. Qa4+ Qd7 8. Qxc4 b5 9. Qb3 Bb7 10. Nf3 e6 11. O-O Bd5 12. Qc2 Qb7 13. Nc3 Bc6 14. Bf4 Nbd7 15. Rac1 Be7 16. Rfd1 O-O 17. Ne1 Bxg2 18. Nxg2 Rac8 19. Qd3 Nb6 20. Bg5 h6 21. Bxf6 Bxf6 22. Ne4 Be7 23. Nf4 Na4 24. b3 Nb2 25. Rxc8 Nxd3 26. Rxf8+ Bxf8 27. exd3 Qc6 28. Ne2 Qc2 29. Rd2 Qb1+ 30. Kg2 Bb4 31. N4c3 Bxc3 32. Nxc3 Qc1 0-1


[Site "https://www.chess.com"]

[Event "Titled Tuesday Blitz January 31 Early 2023"]
[White "Oparin, Grigoriy"]
[Black "Aradhya, Garg"]
[WhiteFideId "24125890"]
[BlackFideId "25006746"]
[WhiteElo "2667"]
[BlackElo "2284"]
[Result "1-0"]
[Round "08"]
[TimeControl "180+2"]
[Date "2023.01.31"]
[WhiteClock "0:01:15"]
[BlackClock "0:01:16"]

1. e4 e5 2. Nf3 Nc6 3. Bb5 a6 4. Ba4 Nf6 5. Nc3 b5 6. Bb3 Bc5 7. O-O d6 8. Nd5 h6 9. c3 Rb8 10. d4 Ba7 11. Be3 Nxe4 12. dxe5 Bxe3 13. Nxe3 Ne7 14. Qd4 Nc5 15. exd6 Nxb3 16. axb3 Qxd6 17. Qxg7 Rg8 18. Qe5 Bb7 19. Qxd6 cxd6 20. Nd4 f5 21. f4 Kd7 22. Rf2 Rbf8 23. g3 Rg6 24. Rd2 Re6 25. Nxe6 Kxe6 26. Rad1 Rd8 27. c4 bxc4 28. bxc4 Bf3 29. Re1 Be4 30. Nxf5 Kxf5 31. Rde2 Bd3 32. Rxe7 Rb8 33. Rd7 Rxb2 34. Rxd6 Be4 35. g4+ Kxf4 36. Rd4 Rg2+ 37. Kf1 Kf3 38. Rdxe4 Rf2+ 39. Kg1 Rg2+ 40. Kh1 Rxg4 41. Rxg4 Kxg4 42. Re6 Kf5 43. Rxa6 Ke5 44. Rxh6 Kd4 45. Rh4+ Kc5 46. Kg2 Kc6 47. Rg4 Kc5 48. h4 1-0


[Site "https://www.chess.com"]

[Event "Titled Tuesday Blitz January 31 Early 2023"]
[White "Moroni, Luca Jr"]
[Black "Nazari, Arad"]
[WhiteFideId "865834"]
[BlackFideId "12577324"]
[WhiteElo "2535"]
[BlackElo "2367"]
[Result "0-1"]
[Round "08"]
[TimeControl "180+2"]
[Date "2023.01.31"]
[WhiteClock "0:00:05"]
[BlackClock "0:00:09"]

1. Nc3 g6 2. e4 Bg7 3. d4 c5 4. d5 d6 5. Bb5+ Nd7 6. a4 Nf6 7. Nf3 O-O 8. O-O a6 9. Bd3 b6 10. Re1 Ng4 11. h3 Nge5 12. Nxe5 Nxe5 13. f4 Nxd3 14. Qxd3 Bd7 15. e5 Bf5 16. Qe2 b5 17. axb5 axb5 18. Rxa8 Qxa8 19. Qxb5 Bxc2 20. e6 f5 21. Be3 Rb8 22. Qd7 Bf6 23. Bc1 Rb7 24. Qc6 Qb8 25. Qa6 Bb3 26. Qd3 Rb4 27. g4 Rd4 28. Qf3 Bc2 29. g5 Bg7 30. h4 Qb3 31. h5 Be4 32. Qf1 Bxd5 33. Qa6 Bxe6 34. Qa8+ Kf7 35. hxg6+ hxg6 36. Be3 Rb4 37. Bf2 Rxf4 38. Bg3 Rg4 39. Kh2 Qxb2+ 40. Ne2 Bc3 41. Qf3 Bxe1 42. Bxe1 Re4 0-1


[Site "https://www.chess.com"]

[Event "Titled Tuesday Blitz January 31 Early 2023"]
[White "Baskakov, Egor"]
[Black "Martinez Ramirez, Lennis"]
[WhiteFideId "24197866"]
[BlackFideId "3509079"]
[WhiteElo "2215"]
[BlackElo "2426"]
[Result "1-0"]
[Round "08"]
[TimeControl "180+2"]
[Date "2023.01.31"]
[WhiteClock "0:00:08"]
[BlackClock "0:00:10"]

1. e4 c5 2. Nf3 d6 3. d4 cxd4 4. Nxd4 Nf6 5. Nc3 a6 6. a4 g6 7. g3 Bg7 8. Bg2 O-O 9. h3 e5 10. Nde2 Nc6 11. Nd5 Nxd5 12. exd5 Ne7 13. O-O b6 14. c4 Bd7 15. Nc3 Nf5 16. b3 Nd4 17. Be3 b5 18. axb5 axb5 19. Rxa8 Qxa8 20. Ne4 bxc4 21. bxc4 Qa6 22. c5 Bb5 23. Nxd6 Bxf1 24. Qxf1 Qa3 25. Qc4 Rb8 26. Bf1 Rb4 27. Qa6 Qxa6 28. Bxa6 Bf8 29. Ne4 Nf3+ 30. Kg2 Ne1+ 31. Kf1 Rxe4 32. c6 Bd6 33. Bc5 Nf3 34. Bxd6 Re1+ 35. Kg2 e4 36. Bf1 Rc1 37. c7 f5 38. Bf4 Ne1+ 39. Kg1 Nf3+ 40. Kg2 Ne1+ 41. Kh1 e3 42. d6 Nd3 43. c8=Q+ Rxc8 44. Bxd3 exf2 45. Kg2 Rd8 46. Bb5 Kf7 47. d7 Ke6 48. Kxf2 Rxd7 49. Bxd7+ Kxd7 50. Ke3 Ke6 51. Bg5 Kf7 52. Kf4 Kg7 53. Ke5 h6 54. Bf6+ Kf7 55. h4 g5 56. hxg5 hxg5 57. Bxg5 Kg6 58. Bf4 Kh5 59. Ke6 Kg6 60. Ke7 Kh5 61. Bc7 Kg5 62. Kf7 f4 63. gxf4+ Kf5 64. Ke7 Ke4 65. Ke6 1-0


[Site "https://www.chess.com"]

[Event "Titled Tuesday Blitz January 31 Early 2023"]
[White "Jones, Gawain C B"]
[Black "Sipila, Vilka"]
[WhiteFideId "409561"]
[BlackFideId "505455"]
[WhiteElo "2618"]
[BlackElo "2427"]
[Result "1-0"]
[Round "08"]
[TimeControl "180+2"]
[Date "2023.01.31"]
[WhiteClock "0:00:02"]
[BlackClock "0:00:24"]

1. e4 d6 2. Nc3 Nf6 3. f4 g6 4. Nf3 Bg7 5. Be2 O-O 6. O-O c5 7. d3 Bg4 8. Qe1 Nc6 9. Qh4 Bxf3 10. Rxf3 Nd4 11. Rh3 e6 12. e5 dxe5 13. fxe5 Nxe2+ 14. Nxe2 Nh5 15. Qxd8 Rfxd8 16. g4 Bxe5 17. gxh5 c4 18. hxg6 hxg6 19. d4 Bxd4+ 20. Nxd4 Rxd4 21. Be3 Rd5 22. Re1 b5 23. c3 e5 24. Bf2 f5 25. Rhe3 Re8 26. Bg3 e4 27. Bf4 Kg7 28. Rh3 Red8 29. Kf2 Rd3 30. Be5+ Kf7 31. Rxd3 Rxd3 32. Re3 Rd1 33. Re1 Rd3 34. Ke2 Ke6 35. Bd4 f4 36. Bxa7 Kf5 37. Rd1 Rh3 38. Bg1 e3 39. Rd5+ Ke4 40. Rd4+ Ke5 41. a4 bxa4 42. Rxc4 a3 43. bxa3 g5 44. a4 g4 45. a5 g3 46. hxg3 Rxg3 47. Rxf4 Rxg1 48. Ra4 Rg7 49. a6 Ra7 50. Kxe3 Kd5 51. Kd3 Kc5 52. Ra2 Kb5 53. Ra1 Kc5 54. Kc2 Kc4 55. Ra5 Rh7 56. a7 Rh2+ 57. Kd1 Kd3 58. Ke1 1-0


[Site "https://www.chess.com"]

[Event "Titled Tuesday Blitz January 31 Early 2023"]
[White "Agasarov, Benik"]
[Black "Yuan, Qingyu"]
[WhiteFideId "13314823"]
[BlackFideId "8609772"]
[WhiteElo "2235"]
[BlackElo "2373"]
[Result "1-0"]
[Round "08"]
[TimeControl "180+2"]
[Date "2023.01.31"]
[WhiteClock "0:00:51"]
[BlackClock "0:00:01"]

1. d4 d5 2. c4 e6 3. Nc3 Be7 4. Nf3 Nf6 5. Bf4 O-O 6. e3 Nbd7 7. c5 c6 8. h3 b6 9. b4 a5 10. a3 h6 11. Bd3 Ba6 12. Bxa6 Rxa6 13. b5 cxb5 14. c6 Qc8 15. c7 b4 16. Nb5 a4 17. Rc1 Ne4 18. Nd2 Ndf6 19. f3 Nxd2 20. Qxd2 Qd7 21. Nd6 Bxd6 22. Bxd6 Rc8 23. Qxb4 Ne8 24. Bg3 Nxc7 25. O-O Ne8 26. Rc3 Rxc3 27. Qxc3 Ra8 28. Rc1 Nf6 29. Qb4 b5 30. Rc5 Qd8 31. Qxb5 Rc8 32. Qxa4 Rxc5 33. dxc5 Qc8 34. c6 Ne8 35. Qb5 Nc7 36. Qb7 Qf8 37. Qxc7 Qxa3 38. Qb8+ Kh7 39. c7 Qc1+ 40. Kh2 d4 41. exd4 Qe3 42. c8=Q 1-0


[Site "https://www.chess.com"]

[Event "Titled Tuesday Blitz January 31 Early 2023"]
[White "Kvaloy, Aksel Bu"]
[Black "Urazayev, Arystanbek"]
[WhiteFideId "1528815"]
[BlackFideId "13709810"]
[WhiteElo "2321"]
[BlackElo "2460"]
[Result "0-1"]
[Round "08"]
[TimeControl "180+2"]
[Date "2023.01.31"]
[WhiteClock "0:00:26"]
[BlackClock "0:01:28"]

1. d4 Nf6 2. c4 e6 3. g3 d5 4. Nf3 Be7 5. Bg2 O-O 6. O-O c6 7. Qc2 b6 8. Nbd2 c5 9. cxd5 exd5 10. e4 Nc6 11. dxc5 bxc5 12. exd5 Nxd5 13. a3 Be6 14. Rd1 Nd4 15. Nxd4 cxd4 16. Nf3 Rc8 17. Qd3 Bf6 18. Nxd4 Bg4 19. Nf3 Nb6 20. Qe2 Qe8 21. Be3 Nc4 22. Rac1 Nxe3 23. Rxc8 Qxc8 24. Qxe3 Bxb2 25. Qxa7 Qc3 26. Qb7 Bxa3 27. Qe4 Bh5 28. h3 Bc5 29. Qd3 Qf6 30. Rc1 Bb6 31. Qe2 h6 32. Rb1 Rb8 33. Qe5 Qxe5 34. Nxe5 Bxf2+ 35. Kxf2 Rxb1 36. g4 Bg6 37. Nxg6 fxg6 38. h4 Kf7 39. Kg3 Kf6 40. Be4 Rb4 41. Kf3 g5 42. h5 Ke5 43. Bc6 Rb3+ 44. Kg2 Kf4 45. Bd7 Rg3+ 46. Kh2 Rxg4 47. Bxg4 Kxg4 48. Kg2 Kxh5 49. Kh3 Kg6 50. Kg3 h5 51. Kf2 Kh6 52. Ke3 g6 53. Ke4 h4 54. Ke3 Kh5 55. Kf2 g4 56. Kg2 Kg5 57. Kh2 Kf5 58. Kg1 g5 59. Kh2 Kf4 60. Kg2 h3+ 61. Kh1 g3 62. Kg1 Kf3 63. Kh1 Ke3 64. Kg1 g2 65. Kh2 Kf2 66. Kxh3 g4+ 67. Kxg4 g1=Q+ 68. Kf4 Qg3+ 69. Ke4 Qf3+ 70. Kd4 Qe3+ 71. Kd5 Qf4 72. Kc6 Qe5 73. Kb6 Qd5 74. Kc7 Qe6 75. Kb7 Qd6 76. Kc8 Qe7 77. Kb8 Ke3 78. Ka8 Kd4 79. Kb8 Kc5 80. Ka8 Kb6 81. Kb8 Qe8# 0-1


[Site "https://www.chess.com"]

[Event "Titled Tuesday Blitz January 31 Early 2023"]
[White "Kilic, Eray"]
[Black "Lymar, Vladislav"]
[WhiteFideId "44517173"]
[BlackFideId "14162180"]
[WhiteElo "2414"]
[BlackElo "2119"]
[Result "1-0"]
[Round "08"]
[TimeControl "180+2"]
[Date "2023.01.31"]
[WhiteClock "0:00:10"]
[BlackClock "0:01:10"]

1. e4 c5 2. Nf3 Nc6 3. Bb5 e6 4. O-O Nge7 5. Re1 a6 6. Bf1 b6 7. c3 Bb7 8. d4 d5 9. e5 Nf5 10. Bf4 Be7 11. Na3 O-O 12. Nc2 Qd7 13. Bd3 cxd4 14. Ncxd4 Ncxd4 15. cxd4 a5 16. g4 Nh4 17. Nxh4 Bxh4 18. g5 f6 19. Qh5 Bxf2+ 20. Kxf2 g6 21. Qh4 fxe5 22. Rxe5 Qa4 23. Ke3 Ba6 24. Bxa6 Rxa6 25. Rc1 Ra7 26. Rxe6 Qxa2 27. Be5 Qxb2 28. Rxg6+ hxg6 29. Qh8+ Kf7 30. Qg7+ Ke6 31. Rc6+ Kf5 32. Qxg6+ Kg4 33. h3+ Kxh3 34. Qh5+ Kg2 35. Qh2+ Kf1 36. Qh1# 1-0


[Site "https://www.chess.com"]

[Event "Titled Tuesday Blitz January 31 Early 2023"]
[White "Ordekalog"]
[Black "Pulpan, Jakub"]
[BlackFideId "302759"]
[WhiteElo "2589"]
[BlackElo "2427"]
[Result "1/2-1/2"]
[Round "08"]
[TimeControl "180+2"]
[Date "2023.01.31"]
[WhiteClock "0:00:09"]
[BlackClock "0:00:18"]

1. e4 c5 2. d3 d5 3. exd5 Nf6 4. g3 Qxd5 5. Nf3 Bg4 6. Bg2 Qe6+ 7. Be3 Nd5 8. Qd2 Nxe3 9. fxe3 Nc6 10. O-O Qd7 11. Nc3 e6 12. Ng5 f6 13. Nh3 e5 14. Nf2 Be6 15. Nfe4 Be7 16. Na4 b6 17. b3 Rd8 18. Rae1 O-O 19. Nec3 Nb8 20. Nb2 b5 21. a4 a6 22. Ra1 c4 23. axb5 axb5 24. bxc4 bxc4 25. Qe2 cxd3 26. cxd3 Nc6 27. Rad1 Nb4 28. Be4 f5 29. Bg2 Bf6 30. e4 f4 31. Kh1 Qd4 32. Nb5 Qc5 33. Na3 Nc6 34. Nc2 Nd4 35. Nxd4 Qxd4 36. Nc4 fxg3 37. hxg3 Bg5 38. Rxf8+ Rxf8 39. Rf1 Rd8 40. Nb2 h6 41. Bf3 Rf8 42. Kg2 Qd7 43. Rh1 Qb7 44. Nc4 Bxc4 45. dxc4 Be7 46. Bg4 Bc5 47. Be6+ Kh8 48. Bd5 Qe7 49. Rf1 Rb8 50. Rf5 Bd4 51. Qf3 Bc5 52. Kh3 Rf8 53. Rxf8+ Qxf8 54. Qxf8+ Bxf8 55. Kg4 g6 56. Bf7 Kg7 57. Be8 Kf6 58. Kf3 h5 59. g4 h4 60. Bd7 Kg5 61. Bc8 Bc5 62. Be6 Bb4 63. Bd7 Be1 64. Kg2 Kf6 65. Kh3 g5 66. Bf5 Ke7 67. Kg2 Kd6 68. Kh3 Kc5 69. Bh7 Kxc4 70. Bf5 Kd4 71. Bg6 Ke3 72. Bf5 Ba5 73. Bg6 Bb6 74. Bf5 Bd4 75. Bg6 Bb2 76. Bf5 Bd4 77. Bg6 Bb2 78. Bh7 Bd4 79. Bf5 Bb2 80. Bh7 Bd4 81. Bf5 Bb2 82. Bh7 1/2-1/2


[Site "https://www.chess.com"]

[Event "Titled Tuesday Blitz January 31 Early 2023"]
[White "Halkias, Stelios"]
[Black "Md, Imran"]
[WhiteFideId "4201809"]
[BlackFideId "25748580"]
[WhiteElo "2511"]
[BlackElo "2284"]
[Result "0-1"]
[Round "08"]
[TimeControl "180+2"]
[Date "2023.01.31"]
[WhiteClock "0:00:01"]
[BlackClock "0:00:31"]

1. d4 Nf6 2. Nf3 e6 3. e3 d5 4. Bd3 c5 5. b3 Nc6 6. O-O cxd4 7. exd4 Be7 8. Bb2 O-O 9. Nbd2 b6 10. a3 Bb7 11. Qe2 Rc8 12. Ne5 Nxe5 13. dxe5 Nd7 14. b4 a5 15. f4 axb4 16. axb4 Bxb4 17. Nf3 Be7 18. f5 exf5 19. Bxf5 Nc5 20. Nd4 Ra8 21. e6 g6 22. exf7+ Rxf7 23. Ne6 Qd6 24. Rxa8+ Bxa8 25. Be5 Qc6 26. Nd4 Qe8 27. Qg4 Bf8 28. Re1 Re7 29. Nf3 Bg7 30. Bxg6 hxg6 31. Bg3 Rxe1+ 32. Bxe1 Bc6 33. Bg3 Ne4 34. Bf4 Bd7 35. Qh4 d4 0-1


[Site "https://www.chess.com"]

[Event "Titled Tuesday Blitz January 31 Early 2023"]
[White "Avila Pavas, Santiago"]
[Black "Garv Gaur"]
[WhiteFideId "4437128"]
[BlackFideId "45030839"]
[WhiteElo "2522"]
[BlackElo "2006"]
[Result "1-0"]
[Round "08"]
[TimeControl "180+2"]
[Date "2023.01.31"]
[WhiteClock "0:01:41"]
[BlackClock "0:00:41"]

1. d4 Nf6 2. Nf3 d5 3. Bf4 c5 4. e3 Nc6 5. c3 e6 6. Nbd2 Bd6 7. Bg3 O-O 8. Bd3 Qe7 9. Ne5 Nd7 10. f4 f5 11. Qf3 Nf6 12. Bh4 Qe8 13. O-O-O Ne4 14. g4 cxd4 15. exd4 Bd7 16. gxf5 exf5 17. Rhg1 Rc8 18. Kb1 Kh8 19. Qh3 Qh5 20. Nxd7 Rf7 21. Ne5 Bxe5 22. Bxe4 Bxf4 23. Bxd5 Rfc7 24. Nf3 Ne7 25. Be6 Rf8 26. Qg2 Ng6 27. Bg5 Bxg5 28. Nxg5 f4 29. Qd5 Qxh2 30. Rh1 1-0


[Site "https://www.chess.com"]

[Event "Titled Tuesday Blitz January 31 Early 2023"]
[White "Cella, Glaucio Dalla Cortt"]
[Black "Averjanov, Alexey"]
[WhiteFideId "2119455"]
[BlackFideId "14109867"]
[WhiteElo "1894"]
[BlackElo "2399"]
[Result "1/2-1/2"]
[Round "08"]
[TimeControl "180+2"]
[Date "2023.01.31"]
[WhiteClock "0:02:06"]
[BlackClock "0:02:01"]

1. e4 c6 2. Nf3 d5 3. exd5 cxd5 4. d4 Nf6 5. c3 Bg4 6. Qb3 Qc8 7. Ne5 Bh5 8. Bb5+ Nbd7 9. Nxd7 Nxd7 10. Qxd5 Bg6 11. Qxd7+ Qxd7 12. Bxd7+ Kxd7 13. Nd2 e6 14. Nf3 Bd6 15. O-O Ke7 16. Re1 b5 17. Ne5 Bxe5 18. Rxe5 Rab8 19. Bf4 Rb7 20. Rae1 Rc8 21. d5 b4 22. dxe6 bxc3 23. exf7+ Kxf7 24. bxc3 Rxc3 25. Bg5 h6 26. Re7+ Rxe7 27. Bxe7 1/2-1/2


[Site "https://www.chess.com"]

[Event "Titled Tuesday Blitz January 31 Early 2023"]
[White "Lucassen, Mickey"]
[Black "Corrales Jimenez, Fidel"]
[WhiteFideId "12919110"]
[BlackFideId "3506690"]
[WhiteElo "2023"]
[BlackElo "2489"]
[Result "0-1"]
[Round "08"]
[TimeControl "180+2"]
[Date "2023.01.31"]
[WhiteClock "0:00:15"]
[BlackClock "0:01:42"]

1. e4 c6 2. d4 d5 3. e5 c5 4. dxc5 Nc6 5. Nf3 Bg4 6. Bb5 e6 7. Be3 Ne7 8. b4 Nf5 9. Bf4 Be7 10. h3 Bxf3 11. Qxf3 O-O 12. Bxc6 bxc6 13. O-O a5 14. c3 f6 15. Re1 d4 16. Qxc6 fxe5 17. Bxe5 Kh8 18. Qxe6 Bh4 19. g3 Qg5 20. Bf4 Qh5 21. g4 Bxf2+ 22. Kxf2 Qh4+ 23. Kg2 Ne3+ 24. Rxe3 Rxf4 25. Rg3 Raf8 26. Qe2 Qf6 27. g5 Qf5 28. Kh1 Rf1+ 29. Rg1 Qxh3+ 30. Qh2 Rxg1+ 31. Kxg1 Rf1# 0-1


[Site "https://www.chess.com"]

[Event "Titled Tuesday Blitz January 31 Early 2023"]
[White "Makhnev, Denis"]
[Black "Odegov, Artem"]
[WhiteFideId "13707647"]
[BlackFideId "34183644"]
[WhiteElo "2483"]
[BlackElo "2261"]
[Result "1-0"]
[Round "08"]
[TimeControl "180+2"]
[Date "2023.01.31"]
[WhiteClock "0:00:22"]
[BlackClock "0:00:38"]

1. d4 d5 2. c4 e6 3. Nf3 c5 4. Nc3 Nc6 5. cxd5 exd5 6. g3 Nf6 7. Bg2 Be7 8. O-O O-O 9. Be3 c4 10. Bg5 Be6 11. e3 Re8 12. a3 a6 13. Ne5 Rc8 14. Qc2 h6 15. Bxf6 Bxf6 16. f4 Rc7 17. Rae1 b5 18. Qf2 Ne7 19. g4 Bxe5 20. fxe5 Ng6 21. h3 Rd7 22. e4 dxe4 23. d5 Rxd5 24. Nxd5 Bxd5 25. Bxe4 Bxe4 26. e6 Rxe6 27. Qxf7+ Kh7 28. Qxe6 Qd4+ 29. Rf2 Bd3 30. Qe3 Qd5 31. Qg3 a5 32. h4 h5 33. gxh5 Qxh5 34. Qg5 Qxg5+ 35. hxg5 b4 36. Re8 Nh4 37. Rh2 Kg6 38. Rxh4 c3 39. bxc3 b3 40. Rb8 Bc2 41. Rg4 Kf5 42. Ra4 b2 43. Rxa5+ Kg4 44. Rxb2 Be4 45. Rb4 g6 46. Rxe4+ Kh5 47. Re6 Kh4 48. Rxg6 Kh5 49. Rh6+ Kg4 50. a4 Kf4 51. Rd5 Kg4 52. c4 Kg3 53. a5 Kg4 54. a6 Kf4 55. Kf1 Kf3 56. Ke1 Ke4 57. Kd1 Kf4 58. Kc2 Kg4 59. Kc3 Kf4 60. Rf6+ Kg4 61. g6 Kh4 62. g7 Kg4 63. Rf7 Kh4 64. Rdd7 Kh3 65. c5 Kh2 66. c6 Kh1 67. c7 Kh2 68. a7 Kh1 69. Kc4 Kh2 70. Kb5 Kg3 71. Kc6 Kh4 72. Kb7 Kg4 73. a8=Q Kg5 74. c8=Q Kh5 75. Kc7 Kg4 76. Kd8 Kg5 77. Ke7 Kh6 78. Kf8 Kh7 79. g8=Q+ Kh6 80. Qg7+ Kh5 81. Rf1 Kh4 82. Rdd1 Kh5 83. Ra1 Kh4 84. Ke7 Kh5 85. Kd6 Kh4 86. Kd5 Kh5 87. Kd4 Kh4 88. Kd3 Kh5 89. Ke2 Kh4 90. Ke1 Kh5 91. Qe8+ Kh4 92. Qed8+ Kh5 93. Qd1+ Kh4 94. Qaa4+ Kh3 95. Qag4+ Kh2 96. Qge2+ Kh3 97. Qec2 Kh4 98. Qcc1 Kh3 99. Qg1 Kh4 100. Qdg4# 1-0


[Site "https://www.chess.com"]